[ AOE2 MATCH · #504821489 ]
UnrankedBohemians vs Magyars
Player's team · WIN
Rival team · LOSS
[ REPLAY ANALYSIS · EXTRACTED FROM THE RECORDED GAME ]
Feudal
11:14
Castle
20:21
Imperial
37:26
| APM avg | 65.6 |
| APM peak | 103 |
| eAPM avg | 33.7 |
| Villagers / military | 233 / 289 |
Focus
⚔️ 40.0% · 🌾 60.0%
Archer ×123 · Spearman ×117 · Militia ×25 · Bombard Cannon ×8 · Trebuchet (Packed) ×7 · Mangonel ×5
Feudal
10:10
Castle
14:01
Imperial
40:57
| APM avg | 79.1 |
| APM peak | 147 |
| eAPM avg | 47.0 |
| Villagers / military | 261 / 247 |
Focus
⚔️ 53.0% · 🌾 47.0%
Magyar Huszar ×137 · Skirmisher ×96 · Mangonel ×6 · Trebuchet (Packed) ×5 · Scorpion ×2 · Monk ×1
Match map
Initial resources + every placement click. Lines = walls · curves = elevation contours. ◆ gold · ⬟ stone · ● berries · ✦ relic · ◌ wall gap
Your base· Open — unwalled flank
Tacacá's base· Open — unwalled flank
Smoothed initial terrain · ◌ = detected wall gap · hover for details
Inputs per minute
— DK | Good_luck - - Tacacá
Build order — DK | Good_luck
First 150 of 687 actions detected
| 0:00 | Create | Villager (Male) |
| 0:01 | Build | House |
| 0:02 | Build | House |
| 0:06 | Create | Villager (Male) |
| 0:14 | Create | Villager (Male) |
| 0:18 | Create | Villager (Male) |
| 0:18 | Create | Villager (Male) |
| 1:27 | Create | Villager (Male) |
| 1:48 | Create | Villager (Male) |
| 1:48 | Create | Villager (Male) |
| 2:26 | Create | Villager (Male) |
| 2:26 | Create | Villager (Male) |
| 2:44 | Create | Villager (Male) |
| 2:44 | Create | Villager (Male) |
| 2:49 | Build | Barracks |
| 3:06 | Create | Villager (Male) |
| 3:07 | Create | Villager (Male) |
| 3:11 | Build | House |
| 3:24 | Create | Villager (Male) |
| 3:44 | Create | Militia |
| 3:47 | Build | Palisade Wall |
| 3:48 | Create | Villager (Male) |
| 3:49 | Create | Villager (Male) |
| 4:08 | Create | Militia |
| 4:19 | Create | Villager (Male) |
| 4:19 | Create | Villager (Male) |
| 4:27 | Build | House |
| 4:53 | Create | Villager (Male) |
| 4:59 | Create | Villager (Male) |
| 5:26 | Build | House |
| 5:36 | Create | Villager (Male) |
| 6:00 | Build | Palisade Wall |
| 6:01 | Create | Villager (Male) |
| 6:11 | Build | Mill |
| 6:30 | Create | Villager (Male) |
| 6:30 | Create | Villager (Male) |
| 6:35 | Build | Palisade Wall |
| 7:00 | Create | Villager (Male) |
| 7:16 | Create | Villager (Male) |
| 7:42 | Build | Lumber Camp |
| 8:02 | Create | Villager (Male) |
| 8:12 | Create | Villager (Male) |
| 8:33 | Research | Loom |
| 8:38 | Build | Mill |
| 9:04 | Research | Feudal Age |
| 9:18 | Build | House |
| 9:28 | Build | Mining Camp |
| 9:36 | Create | Militia |
| 10:02 | Build | House |
| 10:05 | Create | Militia |
| 10:16 | Build | Palisade Wall |
| 10:52 | Create | Villager (Male) |
| 10:53 | Create | Villager (Male) |
| 11:00 | Create | Militia |
| 11:14 | Age | Feudal Age |
| 11:16 | Research | Man-at-Arms (upgrade) |
| 11:25 | Create | Villager (Male) |
| 11:31 | Create | Villager (Male) |
| 11:57 | Build | Archery Range |
| 12:00 | Create | Villager (Male) |
| 12:11 | Create | Villager (Male) |
| 12:14 | Build | Farm |
| 12:15 | Build | Farm |
| 12:28 | Build | Farm |
| 12:33 | Research | Double-Bit Axe |
| 12:48 | Create | Archer |
| 12:49 | Build | House |
| 12:51 | Create | Archer |
| 12:56 | Create | Villager (Male) |
| 13:10 | Create | Villager (Male) |
| 13:12 | Build | Farm |
| 13:14 | Create | Villager (Male) |
| 13:14 | Create | Villager (Male) |
| 13:56 | Create | Archer |
| 13:59 | Create | Villager (Male) |
| 14:01 | Build | Blacksmith |
| 14:10 | Build | Watch Tower |
| 14:19 | Create | Archer |
| 14:30 | Create | Archer |
| 14:33 | Create | Villager (Male) |
| 14:35 | Build | Farm |
| 14:54 | Build | House |
| 15:00 | Create | Archer |
| 15:09 | Create | Villager (Male) |
| 15:10 | Build | Mining Camp |
| 15:20 | Create | Archer |
| 15:26 | Research | Fletching |
| 15:27 | Create | Villager (Male) |
| 15:29 | Build | Farm |
| 15:30 | Build | Farm |
| 15:50 | Create | Archer |
| 15:52 | Create | Villager (Male) |
| 15:55 | Build | Farm |
| 15:56 | Build | Farm |
| 16:10 | Build | Farm |
| 16:33 | Build | Market |
| 16:43 | Build | House |
| 17:21 | Build | Mining Camp |
| 17:41 | Research | Castle Age |
| 18:04 | Create | Archer |
| 18:12 | Research | Padded Archer Armor |
| 18:12 | Research | Padded Archer Armor |
| 18:14 | Build | Farm |
| 18:17 | Research | Horse Collar |
| 18:29 | Create | Archer |
| 18:57 | Create | Archer |
| 19:15 | Create | Villager (Male) |
| 19:38 | Create | Archer |
| 20:04 | Create | Villager (Male) |
| 20:15 | Create | Archer |
| 20:21 | Age | Castle Age |
| 20:24 | Research | Crossbowman (upgrade) |
| 20:26 | Research | Crossbowman (upgrade) |
| 20:26 | Research | Bodkin Arrow |
| 20:28 | Create | Villager (Male) |
| 20:30 | Build | University |
| 20:36 | Build | Siege Workshop |
| 20:41 | Research | Bodkin Arrow |
| 20:45 | Create | Villager (Male) |
| 20:48 | Create | Archer |
| 21:00 | Build | Watch Tower |
| 21:03 | Create | Archer |
| 21:05 | Create | Villager (Male) |
| 21:06 | Build | Farm |
| 21:12 | Create | Archer |
| 21:15 | Build | Farm |
| 21:40 | Create | Archer |
| 21:44 | Research | Ballistics |
| 21:46 | Create | Villager (Male) |
| 21:58 | Build | Farm |
| 22:00 | Create | Villager (Male) |
| 22:08 | Build | House |
| 22:20 | Create | Mangonel |
| 22:23 | Create | Villager (Male) |
| 22:36 | Create | Villager (Male) |
| 23:00 | Create | Archer |
| 23:12 | Create | Villager (Male) |
| 23:18 | Create | Archer |
| 23:35 | Create | Mangonel |
| 23:37 | Create | Archer |
| 23:38 | Create | Villager (Male) |
| 23:38 | Create | Villager (Male) |
| 23:52 | Create | Villager (Male) |
| 23:52 | Create | Villager (Male) |
| 24:05 | Create | Villager (Male) |
| 24:05 | Create | Villager (Male) |
| 24:14 | Build | Farm |
| 24:30 | Build | Town Center |
| 24:35 | Research | Chemistry |
| 24:41 | Create | Archer |
Build order — Tacacá
First 150 of 843 actions detected
| 0:01 | Create | Villager (Male) ×4 |
| 0:02 | Build | House |
| 0:04 | Build | House |
| 1:28 | Create | Villager (Male) |
| 1:28 | Create | Villager (Male) |
| 1:48 | Build | Lumber Camp |
| 1:51 | Create | Villager (Male) |
| 2:10 | Create | Villager (Male) |
| 2:11 | Create | Villager (Male) |
| 2:43 | Create | Villager (Male) |
| 2:43 | Create | Villager (Male) |
| 3:05 | Create | Villager (Male) |
| 3:05 | Create | Villager (Male) |
| 3:33 | Create | Villager (Male) |
| 3:33 | Create | Villager (Male) |
| 4:10 | Create | Villager (Male) |
| 4:11 | Create | Villager (Male) |
| 4:17 | Build | House |
| 4:25 | Create | Villager (Male) |
| 4:25 | Create | Villager (Male) |
| 4:47 | Create | Villager (Male) |
| 4:47 | Create | Villager (Male) |
| 5:11 | Create | Villager (Male) |
| 5:11 | Create | Villager (Male) |
| 5:12 | Build | Mill |
| 5:17 | Build | Mill |
| 5:46 | Create | Villager (Male) |
| 5:47 | Create | Villager (Male) |
| 5:57 | Build | House |
| 5:57 | Build | Palisade Wall |
| 6:38 | Create | Villager (Male) |
| 6:39 | Create | Villager (Male) |
| 6:39 | Create | Villager (Male) |
| 6:41 | Build | Palisade Wall |
| 6:54 | Build | Palisade Wall |
| 6:57 | Build | Palisade Wall |
| 7:02 | Build | Palisade Wall |
| 7:03 | Build | Palisade Wall |
| 7:05 | Build | Palisade Wall |
| 7:06 | Build | Palisade Wall |
| 7:08 | Build | Palisade Wall |
| 7:09 | Build | Palisade Wall |
| 7:25 | Research | Loom |
| 7:26 | Research | Loom |
| 8:00 | Research | Feudal Age |
| 8:00 | Research | Feudal Age |
| 9:33 | Build | Mining Camp |
| 10:07 | Create | Villager (Male) |
| 10:10 | Age | Feudal Age |
| 10:14 | Build | Market |
| 10:16 | Build | Blacksmith |
| 11:21 | Research | Castle Age |
| 11:21 | Research | Castle Age |
| 11:30 | Build | House |
| 11:45 | Build | House |
| 11:59 | Research | Double-Bit Axe |
| 12:00 | Research | Double-Bit Axe |
| 12:34 | Build | Palisade Wall |
| 14:01 | Age | Castle Age |
| 14:02 | Create | Villager (Male) |
| 14:02 | Create | Villager (Male) |
| 14:02 | Create | Villager (Male) |
| 14:12 | Build | Town Center |
| 14:30 | Build | House |
| 14:57 | Create | Villager (Male) |
| 15:04 | Build | Farm |
| 15:05 | Build | Farm |
| 15:13 | Create | Villager (Male) |
| 15:13 | Create | Villager (Male) |
| 15:23 | Create | Villager (Male) |
| 15:36 | Build | Siege Workshop |
| 15:41 | Create | Villager (Male) |
| 15:41 | Create | Villager (Male) |
| 16:10 | Create | Scorpion |
| 16:11 | Create | Scorpion |
| 16:14 | Create | Villager (Male) |
| 16:15 | Create | Villager (Male) |
| 17:17 | Build | Farm |
| 17:18 | Build | Farm |
| 17:22 | Build | Farm |
| 17:25 | Build | Farm |
| 17:30 | Create | Villager (Male) |
| 17:30 | Create | Villager (Male) |
| 17:41 | Build | Farm |
| 17:47 | Create | Villager (Male) |
| 17:47 | Create | Villager (Male) |
| 17:48 | Create | Villager (Male) |
| 18:08 | Build | Farm |
| 18:18 | Create | Villager (Male) |
| 18:19 | Create | Villager (Male) |
| 18:27 | Build | House |
| 18:31 | Create | Villager (Male) |
| 18:31 | Create | Villager (Male) |
| 18:33 | Create | Villager (Male) |
| 18:33 | Create | Villager (Male) |
| 18:47 | Create | Villager (Male) |
| 18:47 | Create | Villager (Male) |
| 19:00 | Research | Town Watch |
| 19:01 | Research | Town Watch |
| 19:10 | Build | House |
| 19:11 | Create | Villager (Male) |
| 19:26 | Create | Villager (Male) |
| 19:27 | Create | Villager (Male) |
| 19:27 | Create | Villager (Male) |
| 19:27 | Create | Villager (Male) |
| 19:38 | Build | Farm |
| 19:40 | Build | Farm |
| 19:43 | Build | House |
| 19:48 | Build | Town Center |
| 19:52 | Build | Farm |
| 19:59 | Create | Villager (Male) |
| 20:00 | Create | Villager (Male) |
| 20:12 | Create | Villager (Male) |
| 20:13 | Build | Farm |
| 20:16 | Build | Farm |
| 20:28 | Create | Villager (Male) |
| 20:32 | Build | Farm |
| 20:38 | Build | Farm |
| 20:42 | Create | Villager (Male) |
| 20:56 | Build | House |
| 20:57 | Build | House |
| 21:06 | Create | Villager (Male) |
| 21:21 | Create | Villager (Male) |
| 21:21 | Create | Villager (Male) |
| 21:22 | Create | Villager (Male) |
| 21:49 | Create | Villager (Male) |
| 21:50 | Create | Villager (Male) |
| 21:54 | Build | Mining Camp |
| 21:59 | Build | House |
| 22:08 | Build | Farm |
| 22:10 | Build | Farm |
| 22:16 | Create | Villager (Male) |
| 22:16 | Create | Villager (Male) |
| 22:20 | Create | Villager (Male) |
| 22:33 | Create | Mangonel |
| 22:33 | Create | Mangonel |
| 22:37 | Create | Villager (Male) |
| 22:38 | Create | Villager (Male) |
| 22:38 | Create | Villager (Male) |
| 23:03 | Create | Villager (Male) |
| 23:03 | Create | Villager (Male) |
| 23:04 | Create | Villager (Male) |
| 23:29 | Create | Villager (Male) |
| 23:29 | Create | Villager (Male) |
| 23:29 | Create | Villager (Male) |
| 23:51 | Create | Villager (Male) |
| 23:52 | Create | Villager (Male) |
| 23:52 | Create | Villager (Male) |
| 24:08 | Create | Villager (Male) |
| 24:08 | Create | Villager (Male) |
Match timeline
| 2:49 | DK | Good_luck · first_building Barracks |
| 3:47 | DK | Good_luck · wall_segment Palisade Wall x1 |
| 5:57 | Tacacá · wall_segment Palisade Wall x1 |
| 6:00 | DK | Good_luck · wall_segment Palisade Wall x1 |
| 6:35 | DK | Good_luck · wall_segment Palisade Wall x4 |
| 6:41 | Tacacá · wall_segment Palisade Wall x1 |
| 6:54 | Tacacá · wall_segment Palisade Wall x1 |
| 6:57 | Tacacá · wall_segment Palisade Wall x1 |
| 7:02 | Tacacá · wall_segment Palisade Wall x1 |
| 7:03 | Tacacá · wall_segment Palisade Wall x1 |
| 7:05 | Tacacá · wall_segment Palisade Wall x1 |
| 7:06 | Tacacá · wall_segment Palisade Wall x1 |
| 7:08 | Tacacá · wall_segment Palisade Wall x1 |
| 7:09 | Tacacá · wall_segment Palisade Wall x1 |
| 10:10 | Tacacá · age_up feudal |
| 10:16 | DK | Good_luck · wall_segment Palisade Wall x3 |
| 11:14 | DK | Good_luck · age_up feudal |
| 11:20 | Tacacá · first_market_sell 100 wood |
| 11:57 | DK | Good_luck · first_building Archery Range |
| 12:34 | Tacacá · wall_segment Palisade Wall x1 |
| 14:01 | Tacacá · age_up castle |
| 15:36 | Tacacá · first_building Siege Workshop |
| 17:31 | DK | Good_luck · first_market_sell 100 stone |
| 17:32 | DK | Good_luck · first_market_buy 100 food |
| 20:21 | DK | Good_luck · age_up castle |
| 20:36 | DK | Good_luck · first_building Siege Workshop |
| 24:38 | Tacacá · first_building Castle |
| 25:16 | Tacacá · first_market_buy 100 wood |
| 32:21 | Tacacá · first_building Barracks |
| 33:04 | DK | Good_luck · first_building Castle |
| 33:19 | Tacacá · first_building Stable |
| 36:28 | DK | Good_luck · first_building Monastery |
| 37:09 | Tacacá · first_building Monastery |
| 37:26 | DK | Good_luck · age_up imperial |
| 39:35 | Tacacá · first_building Archery Range |
| 40:57 | Tacacá · age_up imperial |
| 55:34 | Tacacá · resign |
[ AI ANALYSIS · 1 CREDIT ]
What really happened in this match?
Wolo.gg analyzes every decision: build order, eco, micro, common mistakes by bracket. Personalized analysis on WhatsApp or Discord in 30 seconds.
Civ guide
Bohemians
Perfil
Jugador #689666